 Dungeon Sprint DCSS version 0.22-a0-412-g2b68d144a4 (webtiles) character file.

92 Denreik the Blocker (level 4, 0/35 HPs)
             Began as a Formicid Fighter on May 12, 2018.
             Splashed by a jelly's acid (3 damage)
             ... in the Dungeon (Sprint IX: "|||||||||||||||||||||||||||||").
             The game lasted 00:00:24 (44 turns).

Denreik the Blocker (Formicid Fighter)                Turns: 44, Time: 00:00:25

Health: 0/35       AC:  2    Str: 21    XL:     4   Next: 90%
Magic:  4/4        EV:  9    Int:  8    God:
Gold:   0          SH: 12    Dex: 10    Spells: 3/3 levels left

rFire    . . .     SeeInvis +   a - +0 quarterstaff
rCold    . . .     Gourm    .   c - +0 shield
rNeg     . . .     Faith    .   b - +0 scale mail
rPois    .         Spirit   .   (helmet unavailable)
rElec    .         Reflect  .   (no cloak)
rCorr    .         Harm     .   (no gloves)
MR       .....                  (no boots)
Stlth    ..........             (no amulet)
HPRegen  0.11/turn              (no ring)
MPRegen  0.09/turn              (no ring)

@: corroded
A: permanent stasis, dig shafts and tunnels, four strong arms, antennae 3
a: Dig


You were in the Dungeon.
You were not hungry.

You visited 1 branch

Inventory:

Hand Weapons
 a - a +0 quarterstaff (weapon)
Armour
 b - a +0 scale mail (worn)
 c - a +0 shield (worn)
Scrolls
 k - a scroll of blinking
Potions
 d - a potion of might
 e - a potion of curing
 g - a potion of heal wounds
 h - a potion of haste
 i - 2 potions of magic
 j - a potion of berserk rage
Comestibles
 f - a ration
 l - 6 chunks of flesh


   Skills:
 - Level 3.2 Fighting
 - Level 2.0 Staves
 - Level 3.2 Armour
 * Level 10.9 Shields


You had 3 spell levels left.
You didn't know any spells.
Your spell library was empty.

Dungeon Overview and Level Annotations

Branches:
Dungeon (1/1)

Altars:


Innate Abilities, Weirdness & Mutations

You cannot be hasted, slowed, berserked, paralysed or teleported.
You can dig through walls and to a lower floor.
Your four strong arms can wield two-handed weapons with a shield.
You have a pair of large antennae on your head. (SInv)


Message History

Increase (S)trength, (I)ntelligence, or (D)exterity?
You feel stronger.
You have reached level 4!
You feel clever.
That item cannot be evoked!
You sock the jackal zombie!
The jackal zombie is severely damaged.
You block the jackal zombie's attack.
Unknown command.
You thump the jackal zombie!
You destroy the jackal zombie!
You block the jelly's attack.
You hit the jelly. The acid corrodes you!
Your hands burn!
The jelly is lightly wounded.
The jelly hits you.
* * * LOW HITPOINT WARNING * * *
You are splashed with acid!
The acid burns!
* * * LOW HITPOINT WARNING * * *
You sock the jelly!
Your hands burn!
You die... ▓▓▓▓▓▓▓▓▓▓▓▓▓▓▓▓▓▓ +.....J@....)...<▓ ▓▓▓▓▓▓▓▓▓▓▓▓▓▓▓▓▓▓

You could see a jelly.

Vanquished Creatures
  An ogre (D)
  A quokka (D)
  2 frilled lizards (D)
  3 goblins (D)
  A jackal zombie (D)
  A rat (D)
9 creatures vanquished.

Notes
Turn   | Place    | Note
-------+----------+-------------------------------------------
     0 | D        | Denreik the Formicid Fighter began the quest for the Orb.
     0 | D        | Reached XP level 1. HP: 18/18 MP: 1/1
     6 | D        | Reached skill level 4 in Shields
    10 | D        | Reached skill level 5 in Shields
    27 | D        | Noticed a jelly
    27 | D        | Noticed an ogre
    33 | D        | Reached XP level 2. HP: 21/24 MP: 2/2
    40 | D        | Killed an ogre
    40 | D        | Reached skill level 10 in Shields
    40 | D        | Reached XP level 3. HP: 12/29 MP: 3/3
    40 | D        | Reached XP level 4. HP: 15/35 MP: 4/4
    44 | D        | Splashed by a jelly's acid

Vault maps used:
D:        linesprint

Skill      XL: |  1  2 |
---------------+-------+-----
Shields        | 5 10 | 10.9
Fighting       | |  3.2
Staves         | |  2.0
Armour         | |  3.2

Action                   |  1- 3 |  4- 6 || total
-------------------------+-------+-------++-------
Melee: Quarterstaff      |    26 |     4 ||    30
Armor: Scale mail        |     4 |       ||     4
Dodge: Dodged            |     2 |       ||     2
Block: Shield            |    12 |     2 ||    14

Table legend:
 A = Spawn XP
 B = Non-spawn XP
 C = Spawn XP percentage of total XP
 D = Spawn monster count
 E = Non-spawn monster count
 F = Spawn count percentage of total count
 G = Total turns spent on level
                    A         B        C        D         E        F      G
               +---------+---------+-------+---------+---------+-------+---------
         Total |       0 |     132 |   0.0 |       0 |       9 |   0.0 |    44
               +---------+---------+-------+---------+---------+-------+---------
             D |       0 |     132 |   0.0 |       0 |       9 |   0.0 |    44
               +---------+---------+-------+---------+---------+-------+---------
